 Dungeon Crawl Stone Soup version 0.19-a0-1899-g2d93087 (webtiles) character file.

52 wazuzu the Skirmisher (level 3, -8/42 HPs)
             Began as an Ogre Hunter on Oct 20, 2016.
             Mangled by an orc
             ... wielding a +2 flail of crushing
              (10 damage)
             ... on level 3 of the Dungeon.
             The game lasted 00:06:33 (2032 turns).

wazuzu the Skirmisher (Ogre Hunter)                 Turns: 2032, Time: 00:06:35

Health: -8/42      AC:  5    Str: 20    XL:     3   Next: 85%
Magic:  3/3        EV: 10    Int: 10    God:
Gold:   110        SH:  0    Dex: 10    Spells: 0 memorised, 2 levels left

rFire  + . .     SeeInvis .     h - +0 short sword (freeze)
rCold  . . .     Gourm    .     b - +0 robe
rNeg   . . .     Faith    .     (no shield)
rPois  .         Spirit   .     (helmet restricted)
rElec  .         Reflect  .     (no cloak)
rCorr  .         Harm     .     (gloves unavailable)
MR     .....                    (boots unavailable)
Stlth  +.........               (no amulet)
                                (no ring)
                                (no ring)

@: lethally poisoned (-8 -> -15), slowed, invisible, very slow
A: unfitting armour, molten scales 1, fire resistance 1, strong 1, tough skin 1,
subdued magic 1
a: no special abilities


You were on level 3 of the Dungeon.
You were hungry.

You visited 1 branch of the dungeon, and saw 3 of its levels.

You collected 110 gold pieces.

Inventory:

Hand Weapons
 h - a +0 short sword of freezing (weapon)
Missiles
 c - 5 large rocks
 l - 75 stones (quivered)
Armour
 b - a +0 robe (worn)
Scrolls
 d - a scroll of enchant armour {unknown}
 j - 6 scrolls of teleportation
Potions
 e - 2 potions of magic
Comestibles
 f - 2 bread rations


   Skills:
 - Level 5.0 Fighting
 + Level 4.2 Throwing
 - Level 1.7 Dodging
 - Level 0.6 Stealth


You had 2 spell levels left.
You didn't know any spells.

Dungeon Overview and Level Annotations

Branches:
Dungeon (3/15)

Altars:


Innate Abilities, Weirdness & Mutations

You are too large for most types of armour.
You have tough skin. (AC +1)
You are partially covered in molten scales. (AC +2)
Your flesh is heat resistant. (rF+)
Your muscles are strong. (Str +2)
Your spells are a little easier to cast, but a little less powerful.


Message History

The orc wizard gestures wildly while chanting.
The orc wizard blinks!
You puncture the orc! You freeze the orc.
You kill the orc!
You feel sick.
The orc hits you with a flail of crushing.
You closely miss the orc wizard.
The orc wizard is almost dead.
You feel sick. The orc wizard closely misses you.
The orc wizard hits you with a dagger.
The orc hits you with a flail of crushing!
* * * LOW HITPOINT WARNING * * *
x2 The orc wizard closely misses you.
It was a potion of invisibility.
You fade into invisibility!
* * * LOW HITPOINT WARNING * * *
You feel sick.
The orc wizard hits you but does no damage.
The orc hits you with a flail of crushing!
You die...

.......(.......
.......(....... #
............... ..
.......(....... ...
#.!....... ....
###.#....... .....
#..>...##...
......#######...........
......o@o..........##...
...#..#######.....###...
.... .......###... ....
###...#....... ...
....######.<. .. ...##
#... . ...# #... ...#
##.. ##.


You could see an orc wizard and an orc.

Vanquished Creatures
  An adder (D:2)
  2 worms (D:2)
  2 leopard geckos
  3 orcs (D:3)
  2 ball pythons
  A giant cockroach (D:2)
  2 goblins (D:2)
  5 jackals
  4 kobolds
  4 bats
  2 frilled lizards (D:1)
  4 rats
32 creatures vanquished.

Notes
Turn   | Place    | Note
-------+----------+-------------------------------------------
     0 | D:1      | wazuzu the Ogre Hunter began the quest for the Orb.
     0 | D:1      | Reached XP level 1. HP: 22/22 MP: 1/1
   180 | D:1      | Reached skill level 3 in Fighting
   468 | D:1      | Reached XP level 2. HP: 13/32 MP: 2/2
   900 | D:1      | Reached skill level 4 in Fighting
  1236 | D:2      | Reached XP level 3. HP: 36/40 MP: 3/3
  1659 | D:2      | Reached skill level 5 in Fighting
  1732 | D:2      | Gained mutation: Your muscles are strong. (Str +2) [potion of mutation]
  1732 | D:2      | Gained mutation: Your spells are a little easier to cast, but a little less powerful. [potion of mutation]
  1732 | D:2      | Gained mutation: Your flesh is heat resistant. (rF+) [potion of mutation]
  1733 | D:2      | Gained mutation: You are partially covered in molten scales. (AC +2) [potion of mutation]
  1733 | D:2      | Gained mutation: Your body sometimes deteriorates upon taking damage. [potion of mutation]
  1733 | D:2      | Lost mutation: Your body sometimes deteriorates upon taking damage. [potion of mutation]
  2032 | D:3      | HP: 2/42 [poisoned by an orc]
  2032 | D:3      | Mangled by an orc

Vault maps used:
D:1:      dpeg_arrival_water_temple_mockup
D:3:      lemuel_crystal_altar, doesnt_xom_only_xom

Skill      XL: |  1  2  3 |
---------------+----------+-----
Fighting       | 3 4 5 |  5.0
Throwing       | |  4.2
Dodging        | |  1.7
Stealth        | |  0.6

Action                   || total
-------------------------++-------
Melee: Short sword       ||   110
Throw: Stone             ||    38
  Use: Scroll            ||     5
       Potion            ||     3
 Stab: Sleeping          ||     1
  Eat: Chunk             ||     3
Armor: Robe              ||    47
Dodge: Dodged            ||    52
